Map: Odyssey LE

Players

dubbledub - Winner!

  • Race: Zerg Zerg
  • League: Platinum
  • Spawn Location: 11:00

Cris

  • Race: Terran Terran
  • League: Platinum
  • Spawn Location: 5:00

VOD

Have the link to the VOD?

Description

Time

  • Played on: Jan. 12, 2018, 6:29 p.m.
  • Length: 19:17
Show
View Real Time Build Order
Export as new Build Order

dubbledub Zerg - Winner!

Build Orders: Hatch First 

Get SALT Encoding   

  12  0:01  Drone  
  13  0:13  Overlord  
  13  0:17  Drone  
  14  0:31  Drone x2  
  14  0:35  Drone  
  17  0:53  Hatchery  
  16  0:58  Drone  
  16  1:01  Drone  
  18  1:12  Extractor  
  18  1:17  Spawning Pool  
  16  1:20  Drone  
  16  1:23  Drone  
  18  1:30  Drone  
  19  1:40  Drone  
  20  1:50  Overlord  
  20  2:04  Queen  
  20  2:06  Queen  
  20  2:07  Zergling x4  
  26  2:13  Drone  
  26  2:14  Metabolic Boost  
  27  2:18  Drone  
  28  2:27  Drone  
  29  2:50  Hatchery  
  28  2:51  Pneumatized Carapace  
  28  2:54  Queen  
  30  3:10  Drone  
  30  3:11  Overlord, Drone x2  
  33  3:22  Drone x2  
  33  3:24  Drone  
  33  3:26  Overlord  
  35  3:56  Drone x6  
  35  3:57  Drone x3  
  44  4:04  Baneling Nest  
  43  4:11  Drone x3  
  43  4:12  Queen  
  43  4:13  Queen  
  43  4:15  Drone  
  43  4:16  Queen  
  53  4:22  Extractor  
  52  4:30  Spore Crawler  
  51  4:32  Spore Crawler  
  51  4:35  Spore Crawler  
  49  4:41  Zergling x2  
  49  4:42  Zergling x16  
  58  4:56  Baneling x4  
  51  5:15  Lair  
  51  5:16  Drone  
  51  5:17  Drone  
  51  5:19  Overlord x2  
  53  5:26  Overlord x2  
  53  5:42  Queen  
  53  5:45  Drone x11  
  66  5:57  Evolution Chamber  
  66  5:58  Drone x3  
  66  5:59  Evolution Chamber  
  67  6:20  Extractor  
  67  6:22  Hydralisk Den  
  67  6:23  Zerg Melee Weapons Level 1  
  65  6:36  Overlord x2  
  65  6:37  Drone x10  
  65  6:38  Hatchery  
  74  6:42  Zerg Ground Armor Level 1  
  74  6:52  Muscular Augments  
  74  6:53  Zergling x14  
  81  6:58  Centrifical Hooks  
  81  7:00  Overlord x3  
  81  7:26  Hydralisk x4  
  81  7:27  Zergling x4  
  81  7:28  Zergling x4  
  93  7:31  Baneling x2  
  93  7:42  Extractor  
  92  7:45  Extractor  
  92  7:50  Extractor  
  90  7:51  Zergling x4  
  90  7:52  Zergling x18  
  98  8:05  Hydralisk x4  
  106  8:20  Drone x2  
  106  8:21  Drone x6  
  106  8:22  Drone x3  
  117  8:38  Baneling x7  
  117  8:39  Baneling x9  
  106  9:06  Queen  
  106  9:07  Hydralisk  
  106  9:08  Hydralisk x8  
  106  9:09  Zergling x4  
  128  9:11  Overlord x3  
  116  9:48  Hydralisk x6  
  116  9:49  Zergling x2, Hydralisk x4  
  116  9:50  Zergling x16  
  136  10:11  Hydralisk x4  
  136  10:12  Hydralisk x2  
  136  10:13  Zergling x10  
  115  10:37  Infestation Pit  
  114  10:43  Drone x12  
  114  10:44  Drone x2  
  114  10:49  Extractor  
  127  11:03  Overlord x3  
  127  11:18  Zergling x16, Hydralisk x5  
  133  11:51  Hydralisk x9  
  133  11:52  Hydralisk x6  
  163  12:00  Hive  
  161  12:03  Drone x2  
  163  12:11  Hatchery  
  163  12:12  Baneling  
  163  12:13  Baneling x12  
  133  12:50  Zergling x2, Hydralisk  
  133  12:51  Zergling x16, Hydralisk x9  
  135  13:00  Zerg Melee Weapons Level 2  
  135  13:01  Zerg Ground Armor Level 2  
  135  13:06  Drone x5  
  140  13:31  Ultralisk Cavern  
  140  13:32  Viper  
  142  13:38  Hydralisk x2  
  142  13:39  Zergling x2, Hydralisk x3  
  142  13:40  Zergling x20  
  163  13:54  Drone x2  
  163  13:55  Viper, Drone  
  169  14:17  Baneling x12  
  169  14:18  Baneling  
  169  14:24  Drone x5  
  169  14:26  Overlord x4  
  151  14:41  Zergling x12  
  151  14:42  Zergling x26  
  168  14:54  Hydralisk x4  
  176  15:05  Extractor  
  175  15:09  Extractor  
  175  15:12  Hydralisk x10  
  129  15:50  Zergling x2  
  129  15:51  Zergling x28  
  129  15:56  Zergling x2  
  147  15:57  Zergling x8  
  119  16:16  Ultralisk x6  
  155  16:35  Hydralisk x7  
  155  16:36  Zergling x4  
  155  16:37  Zergling x8  
  175  16:44  Hatchery  
  175  16:45  Chitinous Plating  
  174  16:47  Zergling x2, Hatchery  
  174  16:48  Zergling x6  
  177  17:01  Hydralisk x8  
  177  17:03  Zergling x8  
  197  17:28  Baneling x22  
  197  17:29  Baneling  
  197  17:36  Adrenal Glands  
  148  18:12  Zergling x40  
  164  18:13  Zergling x12  
  152  18:32  Extractor  
  152  18:33  Zergling x2, Hydralisk x2  
  152  18:34  Zergling x12, Hydralisk x3  
  152  18:35  Extractor  
Show
View Real Time Build Order
Export as new Build Order

Cris Terran 

Build Orders: Hellion Opening, Reaper Expand, Mech 

Get SALT Encoding   

  12  0:01  SCV  
  13  0:13  SCV  
  14  0:18  Supply Depot  
  14  0:25  SCV  
  15  0:31  Refinery  
  15  0:40  SCV  
  16  0:45  Barracks  
  16  0:52  SCV  
  17  1:04  SCV  
  18  1:16  SCV  
  19  1:32  Reaper  
  20  1:33  Orbital Command  
  20  1:46  Command Center  
  20  1:59  SCV, Supply Depot  
  21  2:05  Factory  
  21  2:07  Marine  
  22  2:13  Refinery  
  22  2:16  SCV  
  23  2:26  Barracks Reactor  
  23  2:28  SCV  
  24  2:43  SCV  
  25  2:53  Starport  
  25  2:55  SCV  
  26  2:59  Orbital Command  
  26  3:07  SCV  
  26  3:09  Hellion x2  
  26  3:10  Barracks Tech Lab  
  31  3:19  SCV  
  32  3:30  Hellion  
  32  3:31  Hellion, SCV  
  37  3:43  SCV  
  37  3:44  SCV  
  38  3:52  Hellion x2  
  42  3:55  SCV  
  42  3:57  Barracks Reactor, Armory  
  46  4:06  Supply Depot  
  46  4:08  Supply Depot  
  46  4:13  Supply Depot  
  46  4:27  Hellion x2, SCV  
  46  4:30  Viking  
  50  4:38  SCV  
  51  4:39  SCV, Factory  
  51  4:41  Factory  
  44  5:08  SCV  
  43  5:14  Command Center  
  43  5:16  Hellion x2  
  47  5:23  SCV  
  48  5:30  Factory Tech Lab  
  48  5:31  Hellion x3, Medivac x2  
  48  5:34  SCV  
  48  5:35  SCV  
  54  5:38  Refinery  
  54  5:39  Refinery  
  58  5:43  Hellion x2  
  58  5:46  SCV  
  58  5:53  Infernal Pre-Igniter  
  58  5:58  Thor  
  64  6:09  Hellion x2  
  64  6:10  SCV  
  64  6:11  SCV  
  70  6:24  Supply Depot  
  70  6:25  Supply Depot  
  70  6:26  Thor  
  70  6:27  Supply Depot  
  70  6:29  Orbital Command  
  77  6:47  SCV  
  77  6:52  Siege Tank  
  77  6:53  Hellion x2  
  84  6:56  Factory  
  84  6:57  SCV, Orbital Command  
  84  6:59  SCV  
  86  7:05  Supply Depot  
  86  7:07  Supply Depot  
  86  7:11  SCV  
  87  7:23  Siege Tank  
  87  7:24  Hellion x2  
  87  7:25  Siege Tank  
  87  7:29  SCV  
  98  8:02  Terran Vehicle Weapons Level 1  
  98  8:05  Siege Tank x2  
  104  8:06  Armory  
  104  8:07  Hellion x2  
  104  8:08  Factory Reactor  
  104  8:12  SCV x2  
  110  8:20  SCV  
  110  8:24  SCV  
  110  8:25  SCV, Supply Depot  
  110  8:26  Supply Depot  
  113  8:28  Hellion x2  
  113  8:31  Supply Depot  
  113  8:33  Supply Depot  
  117  8:37  Hellion, SCV x2  
  117  8:38  Hellion  
  123  8:49  SCV  
  123  8:52  SCV  
  123  8:55  Supply Depot  
  125  8:58  Siege Tank  
  125  9:01  Hellion, SCV  
  125  9:02  Siege Tank, Hellion x2  
  138  9:04  SCV  
  138  9:05  Factory x2  
  138  9:09  Refinery  
  139  9:10  Refinery  
  139  9:13  SCV  
  139  9:16  SCV  
  141  9:25  Command Center  
  141  9:30  Siege Tank  
  126  10:05  SCV x2  
  126  10:07  Siege Tank x2, Factory Reactor, Hellion x4  
  128  10:08  Factory Tech Lab  
  126  10:17  Orbital Command  
  123  10:31  Terran Vehicle Weapons Level 2  
  123  10:32  Terran Vehicle And Ship Armor Level 1  
  123  10:55  SCV x2  
  125  10:58  Orbital Command  
  125  11:02  Hellion  
  125  11:03  Siege Tank x3, Hellion x5  
  146  11:06  Viking x2  
  150  11:16  Supply Depot  
  150  11:23  Hellion  
  150  11:24  Hellion  
  148  11:39  Supply Depot  
  144  11:40  Hellion x2  
  144  11:41  Hellion, Siege Tank x3  
  157  12:01  SCV x2  
  155  12:14  Hellion  
  155  12:15  Siege Tank x2, Hellion x5  
  170  12:16  Siege Tank  
  170  12:18  Viking x2  
  170  12:22  SCV  
  181  12:28  Refinery, Supply Depot  
  181  12:29  Refinery  
  181  12:34  SCV  
  181  12:36  Hellion x2  
  171  12:47  Siege Tank x2  
  147  12:53  Hellion x3  
  147  12:54  Hellion x2  
  147  12:57  Hellion x2  
  149  13:15  Siege Tank, Hellion x4  
  149  13:19  Siege Tank, Hellion x2  
  168  13:20  Siege Tank  
  168  13:21  Terran Vehicle And Ship Armor Level 2  
  168  13:22  Terran Vehicle Weapons Level 3  
  168  13:32  Command Center  
  168  13:36  Hellion x4  
  176  13:47  Siege Tank  
  179  13:52  Siege Tank x2  
  185  14:09  Hellion x3  
  193  14:10  Hellion x3  
  195  14:19  Hellion  
  199  14:24  Hellion  
  163  14:40  Siege Tank  
  163  14:43  Hellion  
  163  14:44  Hellion x6  
  163  14:45  Siege Tank  
  183  14:57  Orbital Command  
  183  14:58  Engineering Bay  
  183  14:59  SCV x4  
  187  15:05  Hellion x4  
  195  15:11  SCV x3  
  195  15:12  SCV  
  199  15:23  SCV  
  186  15:31  Smart Servos  
  186  15:32  Hellion x4  
  186  15:33  Siege Tank x2, Hellion x2  
  157  15:58  Hellion x6  
  157  15:59  Hellion  
  161  16:05  Siege Tank x2  
  154  16:19  Hellion x2  
  154  16:20  Siege Tank  
  154  16:21  SCV  
  162  16:29  Factory  
  162  16:33  SCV  
  162  16:37  Siege Tank  
  166  16:43  Refinery  
  166  16:45  SCV  
  167  16:49  SCV x4  
  173  16:54  Hellion x3  
  173  16:55  Siege Tank x2, Hellion  
  173  16:57  SCV  
  173  16:58  Terran Ship Weapons Level 1  
  173  16:59  Viking x2  
  173  17:01  SCV  
  191  17:07  Starport  
  191  17:08  Barracks Reactor, Starport  
  122  18:17  Factory Tech Lab  
  113  18:20  Siege Tank x2, Hellion x3  
  104  18:42  Hellion, Siege Tank x2  
Tags
 
Add a new tag
Caveats
  • Supply blocks, unpowered buildings, or Contaminate may cause inaccurate times.
  • Supply counts are checked every 10 seconds.